 Dungeon Crawl Stone Soup version 0.30-a0-652-gcc886f7154 (webtiles) character file.

Game seed: 1155746054978542603

84 night the Shooter (level 4, -1/27 HPs)
             Began as a Tengu Hunter on Jan 17, 2023.
             Was a Believer of Jiyva.
             Slain by Grinder (4 damage)
             ... on level 3 of the Dungeon.
             The game lasted 00:04:13 (1247 turns).

night the Shooter (Tengu Hunter)                    Turns: 1247, Time: 00:04:13

Health: -1/27      AC:  5    Str:  8 (11) XL:     4   Next: 46%
Magic:  5/5        EV: 13    Int:  8 (9)  God:    Jiyva [**....]
Gold:   26         SH:  0    Dex: 20      Spells: 3/3 levels left

rFire   x . .      SeeInvis .    a - +0 shortbow
rCold   . . .      Faith    .    (shield currently unavailable)
rNeg    . . .      Spirit   .    c - +0 leather armour
rPois   .          Reflect  .    (helmet restricted)
rElec   .          Harm     .    (no cloak)
rCorr   +          Rampage  .    (no gloves)
Will    .....                    (boots unavailable)
Stlth   ++                       (no amulet)
HPRegen 1.20/turn                (no ring)
MPRegen 0.39/turn                (no ring)

@: no status effects
A: beak, talons 3, iridescent scales 1, mutation resistance 1, heat
vulnerability 1
a: Renounce Religion


You were on level 3 of the Dungeon.
You worshipped Jiyva.
Jiyva was pleased with you.
You visited 1 branch of the dungeon, and saw 3 of its levels.

You collected 26 gold pieces.

Inventory:

Hand Weapons
 a - a +0 shortbow (weapon)
Missiles
 e - 22 stones
 f - 2 poisoned darts
Armour
 c - a +0 leather armour (worn)
Jewellery
 l - a ring of fire
Scrolls
 b - 2 scrolls of immolation
 g - 2 scrolls of vulnerability {unknown}
 i - a scroll of magic mapping {unknown}
 j - 2 scrolls of teleportation {unknown}
 k - 2 scrolls of identify {unknown}
Potions
 h - a potion of lignification {unknown}


   Skills:
 + Level 2.8 Fighting
 * Level 5.4 Ranged Weapons
 + Level 3.1 Dodging
 - Level 1.0 Stealth


You had 3 spell levels left.
You didn't know any spells.
Your spell library was empty.

Dungeon Overview and Level Annotations

Branches:
Dungeon (3/15)

Altars:
Jiyva

Annotations:
D:3 Grinder


Innate Abilities, Weirdness & Mutations

You have a beak for a mouth.
You have claws for feet.
You are partially covered in iridescent scales. (AC +2)
You are somewhat resistant to further mutation.
You are vulnerable to heat. (rF-)


Message History

You shoot an arrow. The arrow hits Sigmund!
Sigmund is severely wounded.
Sigmund gestures at you while chanting. The magic dart hits you.
Grinder closely misses you. Sigmund misses you.
Fire: a) +0 shortbow
Press: ? - help, Q - select action, (/) - cycle Shift-Dir - straight line, f - Grinder, p - Sigmund
Aim: Grinder, carrying a wand of polymorph (7) (moderately wounded, 62% to hit)
You shoot an arrow. The arrow closely misses Grinder.
You hear a slurping noise.
The jelly hits Grinder but does no damage.
Grinder zaps a wand.
You resist with some effort.
Fire: a) +0 shortbow
Press: ? - help, Q - select action, (/) - cycle Shift-Dir - straight line, f/p - Grinder
Aim: Grinder, carrying a wand of polymorph (6) (moderately wounded, 62% to hit)
You shoot an arrow. The arrow closely misses Grinder.
The jelly hits Grinder but does no damage.
Sigmund gestures at you while chanting.
The magic dart hits the jelly.
Grinder hits you but does no damage.
The jelly misses Sigmund.
Sigmund hits you but does no damage.
Fire: a) +0 shortbow
Press: ? - help, Q - select action, (/) - cycle Shift-Dir - straight line, f/p - Grinder
Aim: Grinder, carrying a wand of polymorph (6) (moderately wounded, 62% to hit)
You shoot an arrow. The arrow hits Grinder!
Grinder is heavily wounded.
Grinder barely misses you.
The jelly closely misses Sigmund.
You shoot an arrow. The arrow hits Grinder.
Grinder is severely wounded.
Grinder zaps a wand.
You resist with some effort.
Sigmund hits you from afar with a +0 scythe.
The jelly completely misses Sigmund.
Grinder gestures at you. Pain shoots through your body!
* * * LOW HITPOINT WARNING * * *
You shoot an arrow. The arrow closely misses Grinder.
The jelly hits Sigmund.
Sigmund is splashed with acid.
The acid corrodes Sigmund!
Sigmund dies!
Grinder hits you.
* * * LOW HITPOINT WARNING * * *
You writhe in agony.
You die...

## #####..###....##...#
. #.......<..#..##...#
#. #............#######
#.###.###~###.#.##
#.....#.#≈#.#.....
..###.#.###.#≈#.###..##
......).....#≈#......#
.......J###.#≈#.###...
......#5@.# ≈#.# ...#
#..##:....# #. #.###...
# #. #### . ##


You could see Grinder and a neutral jelly (distracted) (fellow slime).

Vanquished Creatures
  5 adders (D:2)
  A worm (D:2)
  2 ball pythons
  3 bats
  3 endoplasms
  A giant cockroach (D:2)
  2 goblins (D:2)
  2 hobgoblins
  4 jackals (D:1)
  4 kobolds
  2 quokkas (D:2)
  5 frilled lizards
  3 rats (D:1)
37 creatures vanquished.

Vanquished Creatures (others)
  Sigmund (D:3)
  A jelly (D:3)
  An endoplasm (D:3)
3 creatures vanquished.

Grand Total: 40 creatures vanquished

Notes
Turn   | Place    | Note
-------+----------+-------------------------------------------
     0 | D:1      | night the Tengu Hunter began the quest for the Orb.
     0 | D:1      | Reached XP level 1. HP: 12/12 MP: 2/2
   259 | D:1      | Reached XP level 2. HP: 17/17 MP: 3/3
   544 | D:2      | Found a faded altar of an unknown god.
   545 | D:2      | Noticed an eye of devastation
   547 | D:2      | Noticed a great orb of eyes
   547 | D:2      | Noticed an eye of devastation
   547 | D:2      | Noticed a floating eye
   568 | D:2      | Reached XP level 3. HP: 22/22 MP: 4/4
   574 | D:2      | Prayed at the altar of an unknown god.
   574 | D:2      | Became a worshipper of Jiyva Jeczu the Shapeless
   574 | D:2      | Reached * piety under Jiyva
   590 | D:2      | Reached skill level 5 in Ranged Weapons
   861 | D:2      | Reached XP level 4. HP: 27/27 MP: 5/5
  1017 | D:2      | Reached ** piety under Jiyva
  1216 | D:3      | Noticed Grinder
  1225 | D:3      | Noticed Sigmund
  1231 | D:3      | Gained mutation: You are vulnerable to heat. (rF-) [potion
                  | of mutation]
  1231 | D:3      | Gained mutation: You are partially covered in iridescent
                  | scales. (AC +2) [potion of mutation]
  1231 | D:3      | Gained mutation: You are somewhat resistant to further
                  | mutation. [potion of mutation]
  1247 | D:3      | Killed Sigmund
  1247 | D:3      | HP: 3/27 [Grinder (4)]
  1247 | D:3      | Slain by Grinder

Illustrated notes

Levels and vault maps discovered:
D:1:      eino_arrival_cavern_e, layout_rooms
D:2:      layout_loops_cross, hellmonk_ecumenical_altar_watching_god
D:3:      layout_loops_ring, serial_shops, shop, minivault_24, grunt_decor_cap,
          grunt_ministairs_10, minmay_misc_feat_columns, uniq_grinder,
          uniq_sigmund

Skill      XL: |  1  2  3 |
---------------+----------+-----
Ranged Weapons | 5 |  5.4
Dodging        | 3 |  3.1
Fighting       | |  2.8
Stealth        | |  1.0

Action                   |  1- 3 |  4- 6 || total
-------------------------+-------+-------++-------
 Fire: Shortbow          |    85 |    23 ||   108
  Use: Potion            |     2 |     1 ||     3
Armor: Leather armour    |     6 |     3 ||     9
Dodge: Dodged            |    25 |    10 ||    35

Table legend: (Time is in decaauts)
 A = Elapsed time spent in this place.
 B = Non-inter-level travel time spent in this place.
 C = Inter-level travel time spent in this place.
 D = Time resting spent in this place.
 E = Time spent auto-exploring this place.
 F = Levels seen in this place.
 G = Mean time per level.
                   A        B        C        D        E       F      G
               +--------+--------+--------+--------+--------+-----+--------+
         Total |   1278 |   1216 |     62 |      0 |    987 |   3 |  426.0 |
       Dungeon |   1278 |   1216 |     62 |      0 |    987 |   3 |  426.0 |
               +--------+--------+--------+--------+--------+-----+--------+

Top non-repeatable levels by time:
     D:2: 735 daAuts
     D:1: 485 daAuts
     D:3: 57 daAuts
